 Dungeon Crawl Stone Soup version 0.30-a0-800-g7c544603b3 (webtiles) character file.

Game seed: 11875455826836353333

67 BlueFish the Sneak (level 3, 0/25 HPs)
             Began as a Vampire Enchanter on Feb 21, 2023.
             Slain by an iguana (11 damage)
             ... on level 3 of the Dungeon.
             The game lasted 00:02:32 (1986 turns).

BlueFish the Sneak (Vampire Enchanter)              Turns: 1986, Time: 00:02:33

Health: 0/25       AC:  3    Str:  7    XL:     3   Next: 98%
Magic:  6/6        EV: 13    Int: 23    God:
Gold:   198        SH:  0    Dex: 16    Spells: 1/6 levels left

rFire   . . .      SeeInvis +    f - +2 short sword (venom)
rCold   . . .      Faith    .    (no shield)
rNeg    . . .      Spirit   .    b - +0 robe
rPois   .          Reflect  .    p - +0 helmet
rElec   .          Harm     .    (no cloak)
rCorr   .          Rampage  .    (no gloves)
Will    .....                    (no boots)
Stlth   +++                      (no amulet)
HPRegen 0.44/turn                h - +6 ring of intelligence
MPRegen 0.10/turn                (no ring)

@: healing quickly
A: alive, fangs 3, see invisible, vampiric 2
a: Exsanguinate


You were on level 3 of the Dungeon.
You visited 1 branch of the dungeon, and saw 3 of its levels.

You collected 198 gold pieces.

Inventory:

Hand Weapons
 a - a +1 dagger
 f - a +2 short sword of venom (weapon)
Missiles
 l - 5 poisoned darts (quivered)
Armour
 b - a +0 robe (worn)
 p - a +0 helmet (worn)
Jewellery
 h - a +6 ring of intelligence (left hand)
Scrolls
 e - a scroll of acquirement {unknown}
 g - 4 scrolls of summoning {unknown}
 i - a scroll of brand weapon {unknown}
 o - a scroll of identify {unknown}
Potions
 c - 2 potions of invisibility
 d - a potion of ambrosia {unknown}
 j - a potion of haste {unknown}
 k - a potion of mutation {unknown}
 m - 3 potions of flight {unknown}
 n - 2 potions of might {unknown}
 q - 2 potions of cancellation {unknown}
 r - 2 potions of curing {unknown}


   Skills:
 + Level 0.9 Fighting
 + Level 1.9 Short Blades
 + Level 0.0 Throwing
 + Level 1.0 Armour
 + Level 2.7 Dodging
 + Level 4.8 Stealth
 + Level 2.3 Spellcasting
 + Level 4.8 Hexes


You had one spell level left.
You knew the following spells:

 Your Spells              Type           Power      Damage    Failure   Level
a - Ensorcelled Hibernat  Hex/Ice        26%        N/A       7%          2
b - Confusing Touch       Hex            24%        N/A       5%          3

Your spell library contained the following spells:

 Spells                   Type           Power      Damage    Failure   Level
 Apportation              Tloc           4%         N/A       12%         1
 Necrotise                Necr           8%         1d4       12%         1
 Summon Small Mammal      Summ           8%         N/A       12%         1
 Tukima's Dance           Hex            24%        N/A       5%          3
 Dazzling Flash           Conj/Hex       26%        N/A       14%         3


Dungeon Overview and Level Annotations

Branches:
Dungeon (3/15)

Altars:
Okawaru

Annotations:
D:3 1 runed translucent door, Crazy Yiuf


Innate Abilities, Weirdness & Mutations

Your natural rate of healing is accelerated.
You have razor-sharp teeth.
You have supernaturally acute eyesight. (SInv)
You are afflicted with vampirism and can become a bat while bloodless.


Message History

A frilled lizard comes into view.
An iguana comes into view.
The frilled lizard hisses angrily.
The iguana hisses angrily.
You miss the frilled lizard. The frilled lizard bites you.
You puncture the frilled lizard!
You kill the frilled lizard!
The iguana bites you!
Ouch! That really hurt!
You see here a frilled lizard corpse.
You are too injured to fight recklessly!
You are too injured to fight recklessly!
You are too injured to fight recklessly!
You are too injured to fight recklessly!
You are too injured to fight recklessly!
You are too injured to fight recklessly!
You are too injured to fight recklessly!
You are too injured to fight recklessly!
You are too injured to fight recklessly!
You are too injured to fight recklessly!
You are too injured to fight recklessly!
You are too injured to fight recklessly!
You are too injured to fight recklessly!
You are too injured to fight recklessly!
You are too injured to fight recklessly!
You are too injured to fight recklessly!
You are too injured to fight recklessly!
You are too injured to fight recklessly!
You are too injured to fight recklessly!
You hit the iguana but do no damage.
The iguana is poisoned.
The iguana closely misses you.
You closely miss the iguana.
The iguana is lightly wounded.
The iguana closely misses you.
You hit the iguana but do no damage.
The iguana looks as sick as possible!
The iguana is moderately wounded.
The iguana barely misses you.
You hit the iguana but do no damage. Your bite misses the iguana.
The iguana is moderately wounded.
The iguana bites you!
You die...

.. ... #.# #.#
#.#######
#.......#
#..l....# #
#.@.....# #.
#.#######
###.###.#
#.......#
####...########
#
#.............#
#
######.######.#
# #)# #.# # #.#
#.# ###


You could see an iguana (extremely poisoned).

Vanquished Creatures
  An adder (D:2)
  A worm (D:3)
  An orc (D:3)
  5 bats
  3 endoplasms
  3 giant cockroaches
  7 goblins
  6 hobgoblins
  4 jackals (D:2)
  2 quokkas
  2 ball pythons
  3 frilled lizards
  5 kobolds
  5 rats
48 creatures vanquished.

Notes
Turn   | Place    | Note
-------+----------+-------------------------------------------
     0 | D:1      | BlueFish the Vampire Enchanter began the quest for the Orb.
     0 | D:1      | Reached XP level 1. HP: 13/13 MP: 3/3
    82 | D:1      | Reached XP level 2. HP: 14/19 MP: 5/5
   139 | D:1      | Learned a level 2 spell: Ensorcelled Hibernation
   699 | D:2      | Gained mutation: You are afflicted with vampirism and can
                  | become a bat while bloodless. [Vampire growth]
   699 | D:2      | Reached XP level 3. HP: 25/25 MP: 6/6
   703 | D:2      | Learned a level 3 spell: Confusing Touch
  1541 | D:3      | Found an iron altar of Okawaru.
  1901 | D:3      | Found a runed translucent door.
  1902 | D:3      | Noticed Crazy Yiuf
  1972 | D:3      | Reached skill level 1 in Armour
  1986 | D:3      | Slain by an iguana

Illustrated notes

Levels and vault maps discovered:
D:1:      wander_arrival_lonely_grave, layout_rooms
D:2:      layout_basic, dreamdust_wishing_well, serial_bayou_crossing
D:3:      layout_basic, demons_altar, okawaru_trees_2,
          nicolae_overflow_hidden_temple, ebering_ecumenical_altar_abandoned,
          uniq_crazy_yiuf_cottage

Skill      XL: |  1  2  3 |
---------------+----------+-----
Armour         | 1 |  1.0
Fighting       | |  0.9
Short Blades   | |  1.9
Dodging        | |  2.7
Stealth        | |  4.8
Spellcasting   | |  2.3
Hexes          | |  4.8

Action                     || total
---------------------------++-------
  Melee: Dagger            ||    23
         Short sword       ||    84
         Bite              ||     7
         Punch             ||     1
   Stab: Sleeping          ||    16
 Armour: Robe              ||    21
  Dodge: Dodged            ||    56

Table legend: (Time is in decaauts)
 A = Elapsed time spent in this place.
 B = Non-inter-level travel time spent in this place.
 C = Inter-level travel time spent in this place.
 D = Time resting spent in this place.
 E = Time spent auto-exploring this place.
 F = Levels seen in this place.
 G = Mean time per level.
                   A        B        C        D        E       F      G
               +--------+--------+--------+--------+--------+-----+--------+
         Total |   1984 |   1956 |     28 |      0 |   1590 |   3 |  661.3 |
       Dungeon |   1984 |   1956 |     28 |      0 |   1590 |   3 |  661.3 |
               +--------+--------+--------+--------+--------+-----+--------+

Top non-repeatable levels by time:
     D:2: 1068 daAuts
     D:3: 518 daAuts
     D:1: 397 daAuts
